 Dungeon Crawl Stone Soup version 0.25-a0-306-g3faca94 (webtiles) character file.

Game seed: 3467929194754392377, levelgen mode: deterministic

248 Birdy the Shield-Bearer (level 6, -1/62 HPs)
             Began as an Ogre Fighter on Dec 21, 2019.
             Slain by an orc priest
             ... wielding a +0 flail
              (9 damage)
             ... on level 3 of the Dungeon.
             The game lasted 00:05:13 (3795 turns).

Birdy the Shield-Bearer (Ogre Fighter)              Turns: 3795, Time: 00:05:14

Health: -1/62      AC:  3    Str: 23    XL:     6   Next: 12%
Magic:  6/6        EV: 13    Int:  9    God:
Gold:   116        SH: 12    Dex: 10    Spells: 5/5 levels left

rFire    . . .     SeeInvis .   m - +0 whip
rCold    . . .     Gourm    .   c - +2 shield
rNeg     . . .     Faith    .   b - +0 robe
rPois    .         Spirit   .   (helmet restricted)
rElec    .         Reflect  .   (no cloak)
rCorr    .         Harm     .   (gloves unavailable)
MR       .....                  (boots unavailable)
Stlth    +.........             (no amulet)
HPRegen  0.20/turn              g - +4 ring of evasion
MPRegen  0.10/turn              r - +2 ring of dexterity

@: no status effects
A: large, unfitting armour, tough skin 1
a: no special abilities


You were on level 3 of the Dungeon.
You were hungry.

You visited 1 branch of the dungeon, and saw 4 of its levels.

You collected 116 gold pieces.

Inventory:

Hand Weapons
 a - a +0 flail
 h - a +0 club
 m - a +0 whip (weapon)
 u - a +0 quarterstaff
Armour
 b - a +0 robe (worn)
 c - a +2 shield (worn)
Jewellery
 g - a +4 ring of evasion (left hand)
 r - a +2 ring of dexterity (right hand)
Wands
 w - a wand of flame (3)
Scrolls
 i - a scroll of remove curse
 k - a scroll of random uselessness
 o - a scroll of magic mapping {unknown}
 p - a scroll of amnesia
 t - 2 scrolls of enchant weapon
Potions
 d - a potion of might
 e - a potion of magic
 l - 2 potions of resistance
 n - a potion of heal wounds
 q - 2 potions of curing
 s - a potion of ambrosia
 v - a potion of brilliance
Comestibles
 f - 6 rations


   Skills:
 - Level 4.0 Fighting
 - Level 1.8 Maces & Flails
 - Level 2.7 Dodging
 + Level 6.0 Shields


You had 5 spell levels left.
You didn't know any spells.
Your spell library was empty.

Dungeon Overview and Level Annotations

Branches:
Dungeon (4/15)
 Temple: D:4-7

Altars:
Dithmenos
Elyvilon
Makhleb
Vehumet


Innate Abilities, Weirdness & Mutations

You are too large for most types of armour.
You have tough skin. (AC +1)


Message History

You hit the orc priest but do no damage.
The orc priest is severely wounded.
You block the orc's attack.
You hit the orc priest but do no damage.
The orc priest is severely wounded.
You block the orc priest's attack. The orc closely misses you.
You hit the orc priest but do no damage.
The orc priest is severely wounded.
The orc priest hits you with a +0 flail!
The orc closely misses you.
You closely miss the orc priest.
The orc priest is severely wounded.
The orc priest invokes the aid of Beogh against you.
Beogh smites you!
* * * LOW HITPOINT WARNING * * *
You block the orc's attack.
You hit the orc priest but do no damage.
The orc priest is severely wounded.
The orc priest hits you with a +0 flail!
You die...

#####.######...#.#####.# #
#####.##...#.).......#.##########
#...#..........#.##.##..........#
#...#.##...#......#.###########.#
......##...#.#.#..#.# #.#
####.###...#.#....#.# ####.# #
#.# #...#.#....#.# #.....
####.#######.#...o#.# #.##.#
...........#.#..@o#.# #####.##.#
#....#####...#.#..#.####........#
#....#########.#.........###....#
#..............#..##########.##.#
#....###########................#
.................).##############
#..........#####.#.# #.......
#..........# #.#.#######.######
#..........# #.#......##.#


You could see an orc priest and an orc.

Vanquished Creatures
  A howler monkey (D:4)
  A crimson imp (D:3)
  A hound (D:3)
  An iguana (D:4)
  2 worker ants (D:3)
  3 adders (D:3)
  A dart slug (D:1)
  A leopard gecko (D:4)
  2 orcs
  3 giant cockroaches
  5 hobgoblins
  2 jackals (D:3)
  6 kobolds
  A ball python (D:3)
  4 bats
  3 frilled lizards
  7 goblins
  7 rats
51 creatures vanquished.

Notes
Turn   | Place    | Note
-------+----------+-------------------------------------------
     0 | D:1      | Birdy the Ogre Fighter began the quest for the Orb.
     0 | D:1      | Reached XP level 1. HP: 24/24 MP: 1/1
   172 | D:1      | Reached skill level 3 in Shields
   172 | D:1      | Reached XP level 2. HP: 16/32 MP: 2/2
  1195 | D:2      | Found a burning altar of Makhleb.
  1203 | D:2      | Found a shadowy altar of Dithmenos.
  1394 | D:2      | Found a white marble altar of Elyvilon.
  1453 | D:2      | Reached XP level 3. HP: 39/39 MP: 3/3
  1637 | D:2      | Found a radiant altar of Vehumet.
  1829 | D:3      | Reached skill level 4 in Shields
  2286 | D:3      | Reached XP level 4. HP: 43/48 MP: 4/4
  2596 | D:3      | Reached skill level 5 in Shields
  2596 | D:3      | Reached XP level 5. HP: 37/54 MP: 5/5
  3348 | D:4      | Reached XP level 6. HP: 45/62 MP: 6/6
  3359 | D:4      | Reached skill level 6 in Shields
  3795 | D:3      | Slain by an orc priest

Levels and vault maps discovered:
D:1:      wander_arrival_chamber, layout_basic, chequers_arboretum
D:2:      layout_loops_ring, lemuel_crystal_altar, lemuel_round_altar,
          grunt_temple_overflow_open, first_ration
D:3:      layout_basic, kennysheep_generic_room_9
D:4:      layout_layer_cave, gup_sewer_entry_spiral, minmay_vboxes

Skill      XL: |  1  2  3  4  5  6 |
---------------+-------------------+-----
Shields        | 3 4 5 6 |  6.0
Fighting       | |  4.0
Maces & Flails | |  1.8
Dodging        | |  2.7

Action                   |  1- 3 |  4- 6 || total
-------------------------+-------+-------++-------
Melee: Club              |    62 |       ||    62
       Flail             |    14 |       ||    14
       Whip              |    86 |   167 ||   253
  Use: Scroll            |    10 |     3 ||    13
 Stab: Sleeping          |     1 |       ||     1
  Eat: Chunk             |     4 |     5 ||     9
Armor: Robe              |    32 |    17 ||    49
Dodge: Dodged            |    79 |    72 ||   151
Block: Shield            |    95 |    93 ||   188

Table legend:
 A = Non-vault XP
 B = Vault XP
 C = Vault XP percentage of total XP
 D = Non-vault monster count
 E = Vault monster count
 F = Vault count percentage of total count
                 A         B        C        D         E       F
            +---------+---------+-------+---------+---------+-------
      Total |     352 |       3 |   0.8 |      49 |       2 |   3.9
            +---------+---------+-------+---------+---------+-------
        D:1 |      26 |       0 |   0.0 |      15 |       0 |   0.0
        D:2 |       8 |       0 |   0.0 |       6 |       0 |   0.0
        D:3 |     222 |       3 |   1.3 |      24 |       2 |   7.7
        D:4 |      96 |       0 |   0.0 |       4 |       0 |   0.0
            +---------+---------+-------+---------+---------+-------
